Cogmind - Beta 13 @@@ ROGUE MODE // 2024.04.28 @ 15:54:45 Player: ToasterKoishi Result: Destroyed by P-80 Master with Gamma Rifle Performance ------------- Evolutions (7) 3500 Regions Visited (14) 2800 Robots Destroyed (5) 25 Value Destroyed (135) 135 Prototype IDs (24) 480 Alien Tech Used (0) 0 Bonus (2425) 2425 TOTAL SCORE: 9365 Bonus ------- Pacifist 1125 Entered DSFs 1000 Aligned with FarCom 300 Cogmind --------- Core Integrity 0/1300 Matter 247/300 Energy 39/100 System Corruption 5% Temperature Cool (0) Movement Core (50) Location -3/Research Parts ------- > --- POWER (1) -------- (None) > --- PROPULSION (2) --- (None) > --- UTILITY (16) ----- Long-range Terrain Scanner Experimental Terrain Scan Processor Experimental Terrain Scan Processor Experimental Terrain Scan Processor Graphene Brace > --- WEAPON (2) ------- (None) > --- INVENTORY (5) ---- Stasis Canceller PSU Rigger Peak State ------------ > --- POWER ------------ (None) > --- PROPULSION ------- (None) > --- UTILITY ---------- Long-range Terrain Scanner Experimental Terrain Scan Processor Experimental Terrain Scan Processor Experimental Terrain Scan Processor Graphene Brace > --- WEAPON ----------- Smartbomb Launcher > --- INVENTORY -------- Stasis Canceller PSU Rigger [Rating: 51] Favorites ----------- Power None Propulsion None Utility Experimental Terrain Scan Processor Device Graphene Brace Processor Experimental Terrain Scan Processor Hackware Advanced Hacking Suite Weapon Power Sword Launcher Smartbomb Launcher Slashing Weapon Power Sword Build | -11 -10 -10 -10 -9 -8 -7 -7 -6 -5 -5 -4 -4 -4 -3 ------- Run | Yrd Mat Min Exi Min Mat Fac DSF Fac Fac DSF Fac Upp Upp Res Slots Evolved 14 | . . . . . 4 2 . 2 2 . 2 . . 2 Power . | . . . . . . . . . . . . . . . Propulsion . | . . . . . . . . . . . . . . . Utility 14 | . . . . . 4 2 . 2 2 . 2 . . 2 Weapon . | . . . . . . . . . . . . . . . Parts Attached 29 | . . . . . 2 . . 3 1 2 1 3 . 17 Power . | . . . . . . . . . . . . . . . Engine . | . . . . . . . . . . . . . . . Core . | . . . . . . . . . . . . . . . Reactor . | . . . . . . . . . . . . . . . Propulsion . | . . . . . . . . . . . . . . . Treads . | . . . . . . . . . . . . . . . Leg . | . . . . . . . . . . . . . . . Wheel . | . . . . . . . . . . . . . . . Hover . | . . . . . . . . . . . . . . . Flight . | . . . . . . . . . . . . . . . Utility 24 | . . . . . 2 . . 3 1 2 1 2 . 13 Device 11 | . . . . . 1 . . 2 . . . 1 . 7 Storage . | . . . . . . . . . . . . . . . Processor 6 | . . . . . 1 . . 1 . . . 1 . 3 Hackware 7 | . . . . . . . . . 1 2 1 . . 3 Protection . | . . . . . . . . . . . . . . . Artifact . | . . . . . . . . . . . . . . . Weapon 5 | . . . . . . . . . . . . 1 . 4 Energy Gun . | . . . . . . . . . . . . . . . Energy Cannon . | . . . . . . . . . . . . . . . Ballistic Gun . | . . . . . . . . . . . . . . . Ballistic Cannon . | . . . . . . . . . . . . . . . Launcher 2 | . . . . . . . . . . . . 1 . 1 Special Weapon . | . . . . . . . . . . . . . . . Impact Weapon . | . . . . . . . . . . . . . . . Slashing Weapon 3 | . . . . . . . . . . . . . . 3 Piercing Weapon . | . . . . . . . . . . . . . . . Special Melee Weapon . | . . . . . . . . . . . . . . . Unidentified Prototypes 1 | . . . . . . . . . . . . . . 1 Parts Lost 9 | . . . . . 1 . . 1 . 1 . . . 6 Power . | . . . . . . . . . . . . . . . Propulsion . | . . . . . . . . . . . . . . . Utility 7 | . . . . . 1 . . 1 . 1 . . . 4 Weapon 2 | . . . . . . . . . . . . . . 2 Highest Loss Streak 4 | . . . . . 1 . . 1 . 1 . . . 4 To Critical Strikes . | . . . . . . . . . . . . . . . Average Slot Usage (%) 7 | . . . . . 6 7 7 2 8 7 3 9 15 12 Device 1 | . . . . . 4 . . . . . . 2 5 4 Processor 3 | . . . . . 2 7 7 2 5 3 . 2 5 5 Hackware 1 | . . . . . . . . . 3 3 3 5 5 1 Naked Turns 686 | . 31 151 124 18 29 . . 156 . 4 27 . . 146 Heaviest Build 12 | . . . . . 1 . . . . . . 1 1 12 Greatest Support 3 | 3 3 3 3 3 3 3 3 3 3 3 3 3 3 3 Greatest Overweight (x) 3 | . . . . . . . . . . . . . . 3 Average Overweight (x) . | . . . . . . . . . . . . . . . Largest Inventory Capacity 5 | 5 5 5 5 5 5 5 5 5 5 5 5 5 5 5 Average Capacity 5 | 5 5 5 5 5 5 5 5 5 5 5 5 5 5 5 Most Carried 5 | 2 2 5 5 5 5 5 5 5 5 5 5 5 5 5 Average Carried 4 | 1 2 3 4 5 5 4 5 3 4 4 4 4 5 4 Final Capacity 5 | 5 5 5 5 5 5 5 5 5 5 5 5 5 5 5 Final Carried 5 | 2 2 5 5 5 5 5 5 5 5 5 4 5 5 2 Class Distribution -------------------- 89% | Mutant 9% | Scout Dominant Class ---------------- Mutant | -10/Materials Mutant | -10/Mines Mutant | -10/Exiles Mutant | -9/Mines Mutant | -8/Materials Mutant | -7/Factory Mutant | -7/DSF Mutant | -6/Factory Mutant | -5/Factory Mutant | -5/DSF Mutant | -4/Factory Mutant | -4/Upper Caves Mutant | -4/Upper Caves Mutant | -3/Research Resources | -11 -10 -10 -10 -9 -8 -7 -7 -6 -5 -5 -4 -4 -4 -3 ----------- Run | Yrd Mat Min Exi Min Mat Fac DSF Fac Fac DSF Fac Upp Upp Res Matter Collected 427 | 200 . . . . . . . . . . . 91 . 136 Remotely . | . . . . . . . . . . . . . . . Salvage Created 99 | . . . . . . . . 30 . . . 69 . . Parts 8 | . . . . . . . . 2 . . . 6 . . Haulers Intercepted . | . . . . . . . . . . . . . . . Recyclers Shooed . | . . . . . . . . . . . . . . . Parts Field Recycled . | . . . . . . . . . . . . . . . Retrieved Matter . | . . . . . . . . . . . . . . . Parts Self-Destructed 3 | . . . . . . . . . . . . 3 . . Prevented . | . . . . . . . . . . . . . . . Kills | -11 -10 -10 -10 -9 -8 -7 -7 -6 -5 -5 -4 -4 -4 -3 ------- Run | Yrd Mat Min Exi Min Mat Fac DSF Fac Fac DSF Fac Upp Upp Res Combat Hostiles Destroyed 5 | . . . . . . . . 1 . . . 4 . . Melee 1 | . . . . . . . . 1 . . . . . . AOE 4 | . . . . . . . . . . . . 4 . . Classes Destroyed 1 | . . . . . . . . 1 . . . . . . Swarmer 5 | . . . . . . . . 1 . . . 4 . . Best Kill Streak 4 | . . . . . . . . 1 . . . 4 . . Combat Bots Only 4 | . . . . . . . . 1 . . . 4 . . Max Kills in Single Turn 4 | . . . . . . . . 1 . . . 4 . . Gunslinging . | . . . . . . . . . . . . . . . Exploded 4 | . . . . . . . . . . . . 4 . . Melee 1 | . . . . . . . . 1 . . . . . . Uniques/NPCs Destroyed . | . . . . . . . . . . . . . . . Combat | -11 -10 -10 -10 -9 -8 -7 -7 -6 -5 -5 -4 -4 -4 -3 -------- Run | Yrd Mat Min Exi Min Mat Fac DSF Fac Fac DSF Fac Upp Upp Res Hostile Shots Fired 271 | . 22 18 . . 29 . 2 31 . 8 . 19 . 142 Missed 108 | . 7 7 . . 14 . 1 10 . 1 . 13 . 55 Damage Taken 3087 | . 115 80 . . 229 . 50 385 . 262 . 168 . 1798 Core 2514 | . 115 80 . . 196 . 50 344 . 252 . 168 . 1309 Absorbed by Shields . | . . . . . . . . . . . . . . . Core Remaining (%) 70 | 100 . . . 22 64 . 92 59 . 74 . . 85 . Volleys Fired 4 | . . . . . . . . . . . . 1 . 3 Largest 1 | . . . . . . . . . . . . 1 . 1 Hottest 46 | . . . . . . . . . . . . 33 . 46 Shots Fired 4 | . . . . . . . . . . . . 1 . 3 Gun . | . . . . . . . . . . . . . . . Cannon . | . . . . . . . . . . . . . . . Launcher 4 | . . . . . . . . . . . . 1 . 3 Special . | . . . . . . . . . . . . . . . Kinetic . | . . . . . . . . . . . . . . . Thermal . | . . . . . . . . . . . . . . . Explosive 4 | . . . . . . . . . . . . 1 . 3 Electromagnetic . | . . . . . . . . . . . . . . . Robot Hit Streak 1 | . . . . . . . . . . . . 1 . . Robot Miss Streak . | . . . . . . . . . . . . . . . Penetration Max . | . . . . . . . . . . . . . . . Secondary Targets . | . . . . . . . . . . . . . . . Shots Hit Robots 1 | . . . . . . . . . . . . 1 . . Core Hits 16 | . . . . . . . . 5 . . . 5 . 6 Critical Kills . | . . . . . . . . . . . . . . . Critical Parts Destroyed . | . . . . . . . . . . . . . . . Critical Strikes . | . . . . . . . . . . . . . . . Melee Attacks 7 | . . . . . . . . . . . . . . 7 Impact . | . . . . . . . . . . . . . . . Slashing 7 | . . . . . . . . . . . . . . 7 Piercing . | . . . . . . . . . . . . . . . Sneak Attacks . | . . . . . . . . . . . . . . . Combat Hostiles . | . . . . . . . . . . . . . . . Follow-up Attacks . | . . . . . . . . . . . . . . . Damage Inflicted 830 | . . . . . 8 . . 51 . . . 206 . 565 Guns . | . . . . . . . . . . . . . . . Cannons . | . . . . . . . . . . . . . . . Explosions 766 | . . . . . . . . . . . . 206 . 560 Melee . | . . . . . . . . . . . . . . . Ramming 64 | . . . . . 8 . . 51 . . . . . 5 Kinetic . | . . . . . . . . . . . . . . . Thermal . | . . . . . . . . . . . . . . . Explosive 766 | . . . . . . . . . . . . 206 . 560 Electromagnetic . | . . . . . . . . . . . . . . . Impact . | . . . . . . . . . . . . . . . Slashing . | . . . . . . . . . . . . . . . Piercing . | . . . . . . . . . . . . . . . Highest Corruption 5 | . . . . . . . . 2 . . . . . 5 Average Corruption 3 | . . . . . . . . 2 . . . . . 3 Corruption Purged . | . . . . . . . . . . . . . . . Corruption Blocked . | . . . . . . . . . . . . . . . Effects 1 | . . . . . . . . . . . . . . 1 Energy Discharges 1 | . . . . . . . . . . . . . . 1 Overload Shots . | . . . . . . . . . . . . . . . Overflow Damage 10 | . . . . . . . . . . . . 6 . 4 Projectiles . | . . . . . . . . . . . . . . . Explosions 10 | . . . . . . . . . . . . 6 . 4 Melee . | . . . . . . . . . . . . . . . Knockbacks . | . . . . . . . . . . . . . . . Impact . | . . . . . . . . . . . . . . . Kinetic . | . . . . . . . . . . . . . . . Secondary . | . . . . . . . . . . . . . . . Self-Inflicted Damage 58 | . . . . . 4 . . 29 . . . 23 . 2 Shots 1 | . . . . . . . . . . . . 1 . . Rammed 14 | . . . . . 2 . . 11 . . . . . 1 Targets Rammed 14 | . . . . . 2 . . 11 . . . . . 1 Kicked . | . . . . . . . . . . . . . . . Crushed . | . . . . . . . . . . . . . . . Highest Temperature . | . . . . . . . . . . . . . . . Average Temperature . | . . . . . . . . . . . . . . . Received Heat Transfer 288 | . . . . . 99 . . 63 . . . 18 . 108 Siege Activations . | . . . . . . . . . . . . . . . Robots Corrupted . | . . . . . . . . . . . . . . . Combat Hostiles . | . . . . . . . . . . . . . . . Parts Fried . | . . . . . . . . . . . . . . . Impact Corruptions . | . . . . . . . . . . . . . . . Robots Melted . | . . . . . . . . . . . . . . . Combat Hostiles . | . . . . . . . . . . . . . . . Parts Melted . | . . . . . . . . . . . . . . . Heat Transferred . | . . . . . . . . . . . . . . . Parts Sabotaged . | . . . . . . . . . . . . . . . Parts Stolen . | . . . . . . . . . . . . . . . Parts Stripped . | . . . . . . . . . . . . . . . Power Chain Reactions . | . . . . . . . . . . . . . . . Alert | -11 -10 -10 -10 -9 -8 -7 -7 -6 -5 -5 -4 -4 -4 -3 ------- Run | Yrd Mat Min Exi Min Mat Fac DSF Fac Fac DSF Fac Upp Upp Res Peak Influence 325 | . 23 113 . . 60 27 33 141 68 51 21 . . 325 Initial 68 | . . 8 . . . 27 18 16 68 51 21 . . 63 Average 76 | . 14 48 . . 16 27 26 97 68 43 21 . . 122 Maximum Alert Level 1 | . . . . . . . . . . . . . . 1 Low Security (%) 95 | 100 100 100 . 100 100 100 100 100 100 100 100 . . 86 Level 1 4 | . . . . . . . . . . . . . . 13 Level 2 . | . . . . . . . . . . . . . . . Level 3 . | . . . . . . . . . . . . . . . Level 4 . | . . . . . . . . . . . . . . . Level 5 . | . . . . . . . . . . . . . . . High Security . | . . . . . . . . . . . . . . . Max Security . | . . . . . . . . . . . . . . . Squads Dispatched 7 | . 1 . . . . . . 1 1 1 . . . 3 Investigation 1 | . . . . . . . . . 1 . . . . . Extermination 1 | . . . . . . . . 1 . . . . . . Reinforcement 5 | . 1 . . . . . . . . 1 . . . 3 Assault . | . . . . . . . . . . . . . . . Garrison . | . . . . . . . . . . . . . . . Intercept . | . . . . . . . . . . . . . . . Searches Triggered . | . . . . . . . . . . . . . . . Construction Impeded 1 | . . . . . . . . . . . . . . 1 Haulers Reinforced 1 | . . . . . . . . . . . . . . 1 Active Scanning Responses . | . . . . . . . . . . . . . . . Cargo Convoy Interrupts . | . . . . . . . . . . . . . . . Stealth | -11 -10 -10 -10 -9 -8 -7 -7 -6 -5 -5 -4 -4 -4 -3 --------- Run | Yrd Mat Min Exi Min Mat Fac DSF Fac Fac DSF Fac Upp Upp Res Distress Signals 9 | . 1 . . . 1 . . . . . 1 . . 6 Communications Jammed . | . . . . . . . . . . . . . . . Distress Signals . | . . . . . . . . . . . . . . . Times Spotted 71 | . 4 9 . . 6 . . 8 . 3 2 8 . 31 Peak Tracking Total 13 | . 4 6 . . 6 1 1 5 . 3 3 6 . 13 Tactical Retreats 17 | . . 3 . . 1 . 1 2 . . . 1 . 9 Traps | -11 -10 -10 -10 -9 -8 -7 -7 -6 -5 -5 -4 -4 -4 -3 ------- Run | Yrd Mat Min Exi Min Mat Fac DSF Fac Fac DSF Fac Upp Upp Res Traps Triggered 6 | . . . . . . . 2 2 . . . . . 2 Indirectly . | . . . . . . . . . . . . . . . Trap Hack Attempts . | . . . . . . . . . . . . . . . Triggered . | . . . . . . . . . . . . . . . Disarmed . | . . . . . . . . . . . . . . . Reprogrammed . | . . . . . . . . . . . . . . . Reused 1 | . . . . . . . . 1 . . . . . . Traps Extracted . | . . . . . . . . . . . . . . . Installed 1 | . . . . . . . . 1 . . . . . . Triggered 1 | . . . . . . . . 1 . . . . . . Most Traps Carried 2 | . . 2 2 1 1 1 1 1 . . . . . . Objects Rigged 3 | . . . . . . . . 2 . . . . . 1 Exploded 1 | . . . . . . . . 1 . . . . . . Machines | -11 -10 -10 -10 -9 -8 -7 -7 -6 -5 -5 -4 -4 -4 -3 ---------- Run | Yrd Mat Min Exi Min Mat Fac DSF Fac Fac DSF Fac Upp Upp Res Machines Disabled . | . . . . . . . . . . . . . . . Max in Single Turn . | . . . . . . . . . . . . . . . Machines Repaired . | . . . . . . . . . . . . . . . Machines Dismantled . | . . . . . . . . . . . . . . . Machines Sabotaged . | . . . . . . . . . . . . . . . Overloaded Fab Kills . | . . . . . . . . . . . . . . . Hacking | -11 -10 -10 -10 -9 -8 -7 -7 -6 -5 -5 -4 -4 -4 -3 --------- Run | Yrd Mat Min Exi Min Mat Fac DSF Fac Fac DSF Fac Upp Upp Res Machines Accessed 18 | . 2 . 2 . 1 3 . 2 3 . 1 . . 4 Terminals 14 | . 2 . . . 1 2 . 2 3 . 1 . . 3 Fabricators . | . . . . . . . . . . . . . . . Repair Stations . | . . . . . . . . . . . . . . . Recycling Units . | . . . . . . . . . . . . . . . Scanalyzers . | . . . . . . . . . . . . . . . Garrison Access 2 | . . . . . . 1 . . . . . . . 1 Total Hacks 27 | . 2 . 2 . 1 4 . 3 6 . 1 . . 8 Successful 9 | . 2 . 2 . 1 1 . . 1 . . . . 2 Failed 18 | . . . . . . 3 . 3 5 . 1 . . 6 Catastrophic 6 | . . . . . . 1 . 2 2 . . . . 1 Database Lockouts . | . . . . . . . . . . . . . . . Manual 10 | . 1 . 1 . . 1 . . 3 . 1 . . 3 Terminals 22 | . 2 . . . 1 3 . 3 6 . 1 . . 6 Fabricators . | . . . . . . . . . . . . . . . Repair Stations . | . . . . . . . . . . . . . . . Recycling Units . | . . . . . . . . . . . . . . . Scanalyzers . | . . . . . . . . . . . . . . . Garrison Access 3 | . . . . . . 1 . . . . . . . 2 Terminal Hacks 8 | . 2 . 2 . 1 1 . . 1 . . . . 1 Record 1 | . . . 1 . . . . . . . . . . . Open DSF 2 | . . . . . . 1 . . 1 . . . . . Branch Access Points 3 | . 1 . . . 1 . . . . . . . . 1 Zone Layout 1 | . 1 . . . . . . . . . . . . . Derelict Proto ID Bank 1 | . . . 1 . . . . . . . . . . . Fabricator Hacks . | . . . . . . . . . . . . . . . Repair Station Hacks . | . . . . . . . . . . . . . . . Recycling Unit Hacks . | . . . . . . . . . . . . . . . Scanalyzer . | . . . . . . . . . . . . . . . Garrison Access Hacks . | . . . . . . . . . . . . . . . Unauthorized Hacks 1 | . . . . . . . . . . . . . . 1 Terminals 1 | . . . . . . . . . . . . . . 1 Operators 1 | . . . . . . . . . . . . . . 1 Fabricators . | . . . . . . . . . . . . . . . Repair Stations . | . . . . . . . . . . . . . . . Recycling Units . | . . . . . . . . . . . . . . . Scanalyzers . | . . . . . . . . . . . . . . . Garrison Access . | . . . . . . . . . . . . . . . Data Cores Recovered . | . . . . . . . . . . . . . . . Used . | . . . . . . . . . . . . . . . Hacking Detections 15 | . 2 . . . 1 3 . 2 2 . 1 . . 4 Full Trace Events 1 | . . . . . . . . . 1 . . . . . Feedback Events . | . . . . . . . . . . . . . . . Feedback Blocked . | . . . . . . . . . . . . . . . Robot Schematics Acquired . | . . . . . . . . . . . . . . . Robots Built . | . . . . . . . . . . . . . . . Authchips . | . . . . . . . . . . . . . . . Time . | . . . . . . . . . . . . . . . Total Robot Build Rating . | . . . . . . . . . . . . . . . Part Schematics Acquired . | . . . . . . . . . . . . . . . Parts Built . | . . . . . . . . . . . . . . . Authchips . | . . . . . . . . . . . . . . . Time . | . . . . . . . . . . . . . . . Total Part Build Rating . | . . . . . . . . . . . . . . . Parts Repaired . | . . . . . . . . . . . . . . . Time . | . . . . . . . . . . . . . . . Parts Recycled . | . . . . . . . . . . . . . . . Recycled Matter . | . . . . . . . . . . . . . . . Retrieved Matter . | . . . . . . . . . . . . . . . Retrieved Components . | . . . . . . . . . . . . . . . Parts Scanalyzed . | . . . . . . . . . . . . . . . Part Schematics Acquired . | . . . . . . . . . . . . . . . Parts Damaged . | . . . . . . . . . . . . . . . Bothacking | -11 -10 -10 -10 -9 -8 -7 -7 -6 -5 -5 -4 -4 -4 -3 ------------ Run | Yrd Mat Min Exi Min Mat Fac DSF Fac Fac DSF Fac Upp Upp Res Used RIF Installer . | . . . . . . . . . . . . . . . Robots Hacked . | . . . . . . . . . . . . . . . Non-combat . | . . . . . . . . . . . . . . . Combat . | . . . . . . . . . . . . . . . Robot Hacks Applied . | . . . . . . . . . . . . . . . Relay Couplers Released . | . . . . . . . . . . . . . . . Fabnet Peak Effective % . | . . . . . . . . . . . . . . . Robots Rewired . | . . . . . . . . . . . . . . . Allies Hacked . | . . . . . . . . . . . . . . . Hacks Repelled . | . . . . . . . . . . . . . . . Allies | -11 -10 -10 -10 -9 -8 -7 -7 -6 -5 -5 -4 -4 -4 -3 -------- Run | Yrd Mat Min Exi Min Mat Fac DSF Fac Fac DSF Fac Upp Upp Res Total Allies . | . . . . . . . . . . . . . . . Largest Group . | . . . . . . . . . . . . . . . Highest-Rated Group . | . . . . . . . . . . . . . . . Highest-Rated Ally . | . . . . . . . . . . . . . . . Total Orders 2 | . . . . . . . . . . . . . . 2 EXPLORE 2 | . . . . . . . . . . . . . . 2 Ally Attacks . | . . . . . . . . . . . . . . . Total Damage . | . . . . . . . . . . . . . . . Kills . | . . . . . . . . . . . . . . . Allies Corrupted . | . . . . . . . . . . . . . . . Allies Melted . | . . . . . . . . . . . . . . . Intel | -11 -10 -10 -10 -9 -8 -7 -7 -6 -5 -5 -4 -4 -4 -3 ------- Run | Yrd Mat Min Exi Min Mat Fac DSF Fac Fac DSF Fac Upp Upp Res Robot Analysis Total . | . . . . . . . . . . . . . . . Derelict Logs Recovered 4 | . . 2 . . . . . . . . . 2 . . Drone Launches 6 | . . . . . . . . . . . . . . 6 Drone Recoveries 3 | . . . . . . . . . . . . . . 3 Exploration | -11 -10 -10 -10 -9 -8 -7 -7 -6 -5 -5 -4 -4 -4 -3 ------------- Run | Yrd Mat Min Exi Min Mat Fac DSF Fac Fac DSF Fac Upp Upp Res Turns Passed 1920 | 15 31 151 124 18 86 187 60 253 96 36 75 187 14 587 Spaces Moved 3336 | 26 62 289 238 35 158 371 60 433 188 58 148 336 27 907 Core 3336 | 26 62 289 238 35 158 371 60 433 188 58 148 336 27 907 Treads . | . . . . . . . . . . . . . . . Legs . | . . . . . . . . . . . . . . . Wheels . | . . . . . . . . . . . . . . . Hover . | . . . . . . . . . . . . . . . Flight . | . . . . . . . . . . . . . . . Fastest Speed 50 | 50 50 50 50 50 50 50 50 50 50 50 50 50 50 50 Average Speed 51 | 50 50 50 50 50 50 50 50 50 50 50 50 50 50 53 Slowest Speed 200 | 50 50 50 50 50 50 50 50 50 50 50 50 50 50 200 Overloaded Moves . | . . . . . . . . . . . . . . . Propulsion Burnouts . | . . . . . . . . . . . . . . . Robots Hopped . | . . . . . . . . . . . . . . . Cave-ins Triggered . | . . . . . . . . . . . . . . . Exploration Rate (%) 31 | 3 19 76 61 23 26 12 68 12 9 58 4 59 6 37 Regions Visited 14 Branch Regions 5 Pre-discovered Areas 2 | . . 1 1 . . . . . . . . . . . Known Exits Taken 5 | . 1 . . . 1 1 . 1 1 . . . . . Unknown Exits Taken 7 | 1 . 1 1 1 . . . . . . 1 1 1 . Scrap Searched 1 | . . . . . . . . . . . . 1 . . Spaces Dug 7 | . . . . . . . . . . . . . . 7 Terrain Destroyed 50 | . . . . . . . . . . . . 10 . 40 Melee 7 | . . . . . . . . . . . . . . 7 Projectile . | . . . . . . . . . . . . . . . AOE 43 | . . . . . . . . . . . . 10 . 33 Terrain Rammed 1 | . . . . . . . . 1 . . . . . . Walls Destroyed . | . . . . . . . . . . . . . . . Machines Disabled . | . . . . . . . . . . . . . . . Actions | -11 -10 -10 -10 -9 -8 -7 -7 -6 -5 -5 -4 -4 -4 -3 --------- Run | Yrd Mat Min Exi Min Mat Fac DSF Fac Fac DSF Fac Upp Upp Res Total 3522 | 27 61 294 243 34 163 372 89 470 189 64 148 352 26 990 Wait 76 | . . 3 . . 2 . . 14 . 1 . 11 . 45 Move 3322 | 25 61 288 237 34 157 370 59 432 187 57 147 335 26 907 Hop . | . . . . . . . . . . . . . . . Pick Up 17 | 2 . 3 3 . . 1 . 2 1 2 . 1 . 2 Fast Attach 21 | . . . . . 2 . . 1 . 2 . 2 . 14 Attach 8 | . . . . . . . . 2 1 . 1 1 . 3 Detach 5 | . . . . . . . . 2 . . . 1 . 2 Swap . | . . . . . . . . . . . . . . . Drop 13 | . . . 3 . . 1 . 2 . 2 . . . 5 Fire 4 | . . . . . . . . . . . . 1 . 3 Melee 7 | . . . . . . . . . . . . . . 7 Ram 15 | . . . . . 2 . . 12 . . . . . 1 Kick . | . . . . . . . . . . . . . . . Crush . | . . . . . . . . . . . . . . . Escape Stasis 30 | . . . . . . . 30 . . . . . . . Rewire . | . . . . . . . . . . . . . . . Trap 4 | . . . . . . . . 3 . . . . . 1 Miscellaneous . | . . . . . . . . . . . . . . . Route ------- -11/Scrapyard -10/Materials (discovered 2 exits: *Min x2) -10/Mines (discovered 2 exits: [*Mat] / *Exi) -10/Exiles (discovered 2 exits: [*Min x2]) -9/Mines -8/Materials (discovered 2 exits: *Fac x2) -7/Factory (discovered 2 exits: [*Low] / DSF) -7/DSF -6/Factory -5/Factory -5/DSF -4/Factory -4/Upper Caves -4/Upper Caves -3/Research (discovered 4 exits: [Res] / Arm / *Tes x2) History --------- Turn | Location | Event 6 | -11/Scrapyard | Discovered new exit (range 13) 16 | -11/Scrapyard | Entered Materials 32 | -10/Materials | Identified exit to Mines 47 | -10/Materials | Entered Mines 82 | -10/Mines | Learned location of Recycling (-7) 97 | -10/Mines | Received a Rocket Launcher from a helpful Derelict 103 | -10/Mines | Discovered new exit (range 15) 108 | -10/Mines | Found a hidden stash of uninstalled traps 180 | -10/Mines | Core integrity fell below 50% 185 | -10/Mines | Learned location of 1 exit from Materials 196 | -10/Mines | Deemed a non-threat by the Exiles lab entrance 196 | -10/Mines | Discovered new exit (range 5) 198 | -10/Mines | Entered Exiles 205 | -10/Exiles | Discovered new exit (range 15) 212 | -10/Exiles | Met 8R-AWN 220 | -10/Exiles | Met EX-HEX 233 | -10/Exiles | Met EX-BIN 239 | -10/Exiles | Aligned with FarCom system 239 | -10/Exiles | Given EX-Vault access code 251 | -10/Exiles | Opened EX-Vault 255 | -10/Exiles | Found PSU Rigger 266 | -10/Exiles | Warned to stay clear of 0b10 Research branches 281 | -10/Exiles | Met EX-DEC 289 | -10/Exiles | Learned location of Zion (-7) 318 | -10/Exiles | Discovered new exit (range 10) 321 | -10/Exiles | Build established: Mutant 322 | -10/Exiles | Left Exiles lab with PSU Rigger 322 | -10/Exiles | Entered Mines 337 | -9/Mines | Discovered new exit (range 6) 340 | -9/Mines | Entered Materials 340 | -8/Materials | Evolved 4 slots: Utility x4 341 | -8/Materials | Identified exit to Factory 419 | -8/Materials | Discovered exit to Factory (range 16) 426 | -8/Materials | Entered Factory 426 | -7/Factory | Evolved 2 slots: Utility x2 507 | -7/Factory | Discovered new exit (range 7) 613 | -7/Factory | Identified exit to DSF 613 | -7/Factory | Entered DSF 642 | -7/DSF | Additional patrols routed to DSF 667 | -7/DSF | Discovered new exit (range 11) 673 | -7/DSF | Entered Factory 673 | -6/Factory | Evolved 2 slots: Utility x2 790 | -6/Factory | Discovered new exit (range 10) 926 | -6/Factory | Identified exit to Factory 926 | -6/Factory | Entered another Factory area 926 | -5/Factory | Evolved 2 slots: Utility x2 1022 | -5/Factory | Identified exit to DSF 1022 | -5/Factory | Entered DSF 1047 | -5/DSF | Discovered new exit (range 11) 1048 | -5/DSF | Additional patrols routed to DSF 1058 | -5/DSF | Entered Factory 1058 | -4/Factory | Evolved 2 slots: Utility x2 1110 | -4/Factory | Spotted B-86 Titan 1131 | -4/Factory | Discovered new exit (range 4) 1133 | -4/Factory | Entered Upper Caves 1147 | -4/Upper Caves | Spotted B-86 Titan 1251 | -4/Upper Caves | Attracted the attention of an 0b10 checkpoint 1304 | -4/Upper Caves | Learned 4 Research zone layouts 1313 | -4/Upper Caves | Learned Research interactive machine intel 1318 | -4/Upper Caves | Discovered new exit (range 5) 1320 | -4/Upper Caves | Entered another Upper Caves area 1331 | -4/Upper Caves | Discovered new exit (range 5) 1334 | -4/Upper Caves | Entered Research 1334 | -3/Research | Evolved 2 slots: Utility x2 1335 | -3/Research | Identified exit to Testing 1336 | -3/Research | Loaded intel: 45 interactive machine locations 1383 | -3/Research | Identified exit to Armory 1410 | -3/Research | Spotted B-86 Titan 1412 | -3/Research | Spotted B-86 Titan 1731 | -3/Research | Found Prototype Processor 1731 | -3/Research | Identified Exp. Terrain Scan Processor 1737 | -3/Research | Found Exp. Terrain Scan Processor 1739 | -3/Research | Found Exp. Terrain Scan Processor 1867 | -3/Research | Core integrity fell below 50% 1900 | -3/Research | Core integrity fell below 20% 1909 | -3/Research | Discovered new exit (range 21) 1921 | -3/Research | Destroyed by P-80 Master with Gamma Rifle Last Messages --------------- 01893_ K-01 Serf collects debris. 01894_ Acquired Lrn. Terrain Scanner. 01896_ ALERT: Cargo convoy en route, clear transfer corridor. 01896_ K-01 Serf collects debris. 01896_ Slug penetrates Wall. 01896_ Penetrated by Slug. 01896_ K-01 Serf destroyed. 01896_ Penetrated by Slug. 01897_ Acquired 136 matter. 01897_ K-01 Serf collects debris. 01900_ Penetrated by Slug. 01901_ K-01 Serf collects debris. 01902_ Penetrated by Slug. 01902_ Slug penetrates Wall. 01908_ ALERT: Hostile activity reported, dispatching reinforcements to area. 01909_ EXIT=FOUND 01915_ System corrupted: Energy discharge (-17). 01915_ W-44 Eye sends out distress signal. 01918_ Smartbomb Launcher destroyed. Map ----- +----------------------------------------------------+ | ## ## # ############################ | | ## ## # ########################### | | ## ## # ########################## | | ###+## ## ######################### | | ### ## ########################## | | ? ## ################### | | ######+## ################### | | ## # ! #################?# | | ## # h ################### | | ## ######### Y ################??? | | ## #### ### #################?? | | ## # ### ################??? | | ## ######## #################?? | | ################# ##################? | | ################# g###########################? | | ################## ######## """ ###########? | | ################## g # """ ###########? | | ################## # """ ###########? | | #### ####### # ###########? | | #### ####### p + ############ | | #### ############## # ! ] ###########? | | #### """############## # ##########?? | | #### """## # # ###########? | | #### """## # # ###########? | | ?### """## """" # ###################?? | | # """## ""S"" #@ ####################? | | # """## "" "" + ##################??? | | ? # ## # w #################?#?? | | ?? # ## # ###################?? | | ?? #+##+############+#### g###################?? | | ???# g ##########?#?? | | ???? gg ############?? | | ???# ########?##??? | | ???+? #########?#??? | | ??????######################+### < #########?#??? | | ????????############### # ###########??? | | ?????#???############## # ##########???? | | ??????#?###############"" ######?###?#??????? | | ????????#??############"" #######?#?####????? | | ????????###?###########"T ############?#????? | | ?????????##############"" ######??##????????? | | ??????????###??########"" ? ####?#####?#??????? | | ??????????#???#?###??## ? ? ####???##?#???????? | | ???????????????##?#??## ?? ?#?####???????????? | | ???????????##?????#?#?##########??#?#??#?????????? | | ?????????????#?##?????#?##?##?#?####?##??????????? | | ???????????????###???###?###?##?#?#??????????????? | | ??????????????????#?????#??#?#????#??????????????? | | ????????????????????#?######?#?#?????????????????? | | ?????????????????????????????????????????????????? | +----------------------------------------------------+ Best States ------------- Heat Dissipation 46 Energy Generation 5 Energy Capacity 100 Matter Stores 300 Matter Capacity 300 Sight Range 16 Robot Scan Range 16 Terrain Scan Range 24 Terrain Scan Density 3010 Corruption Block 8 Evasion (%) 50 Offensive Hacking 14 Defensive Hacking 14 Item Schematics ----------------- None Robot Schematics ------------------ None Fabricated ------------ Nothing Alien Tech Used ----------------- None Achievements -------------- None Challenges ------------ None Game ------ Seed SigixAlphaCapacitor Manual? 0 Play Time 00:45:44 Cumulative 86.1 hours Start 2024.04.28 @ 15:18:56 End 2024.04.28 @ 15:54:45 Sessions 1 Manual Loads 0 Difficulty Rogue Special Mode None Game No. 80 Rogue 80 Adventurer 0 Explorer 0 Win Type - Total 11 Types 10/0/1/0/0/0/0/0/0 Lore% 51 Gallery% 46 Achievement% 46 Wizard Run 0 Options --------- Layout 0 ASCII 0 Keyboard 1 Movement Vi Keybinds 0 Fullscreen 2 Font 16/SmallcapsGlow Map View 64x51 Zoom Use 0% Tactical HUD 1 Map Filters NONE Filters NONE Steam X RUN: 94c8274d-a146-4f10-b1bb-09ed22bb0392